Map: Dusk Towers

Players

MorN

  • Race: Terran Terran
  • League: Master

Apocalypse - Winner!

  • Race: Protoss Protoss
  • League: Master

VOD

Have the link to the VOD?

Description

Time

  • Played on: Dec. 2, 2015, 9:25 p.m.
  • Length: 12:25
Show
View Real Time Build Order
Export as new Build Order

MorN Terran 

Build Orders: Cyclone Opening, MMM Bio 

Get SALT Encoding   

  12  0:01  SCV  
  13  0:13  SCV  
  14  0:17  Supply Depot  
  14  0:25  SCV  
  15  0:39  SCV  
  15  0:40  Barracks  
  16  0:45  Refinery  
  16  0:51  SCV  
  17  1:03  SCV  
  18  1:15  SCV  
  19  1:27  Marine  
  19  1:29  Orbital Command  
  20  1:41  Command Center  
  20  1:50  Factory  
  20  1:54  Marine  
  20  1:58  SCV  
  22  2:10  SCV  
  22  2:15  Supply Depot  
  23  2:34  Barracks  
  23  2:35  Factory Tech Lab  
  23  2:36  Marine  
  25  2:37  SCV  
  25  2:49  SCV  
  26  2:52  Orbital Command  
  26  2:54  Cyclone  
  26  2:55  Marine  
  30  3:01  SCV  
  31  3:07  Refinery  
  31  3:08  Engineering Bay  
  31  3:13  SCV  
  31  3:14  Marine  
  33  3:20  SCV  
  34  3:28  Barracks  
  34  3:33  Factory Reactor  
  34  3:35  SCV  
  34  3:37  SCV  
  34  3:41  Marine x2  
  36  3:43  Stimpack  
  36  3:47  SCV  
  39  3:50  SCV  
  40  4:03  Marine  
  40  4:07  SCV  
  40  4:09  Refinery  
  42  4:20  Factory Reactor  
  42  4:22  Barracks Tech Lab  
  42  4:24  Supply Depot, Starport  
  42  4:26  SCV  
  42  4:27  Command Center  
  42  4:29  SCV  
  42  4:31  Refinery  
  44  4:36  Marine x2  
  46  4:39  Supply Depot  
  46  4:40  Terran Infantry Weapons Level 1  
  46  4:45  Marine  
  46  4:46  SCV x2  
  46  4:51  Combat Shields  
  49  4:53  Marine, Marauder  
  49  4:58  SCV x2  
  54  5:06  Supply Depot  
  54  5:10  SCV x2  
  54  5:12  Marauder  
  58  5:14  Medivac x2  
  62  5:21  Supply Depot  
  62  5:25  Factory Reactor  
  62  5:27  SCV x2, Marine  
  62  5:28  Marauder  
  67  5:40  SCV x2  
  67  5:44  Concussive Shells  
  67  5:55  Marine x2  
  67  5:56  SCV, Orbital Command, Marauder x2  
  74  6:05  Widow Mine x2, Medivac x2  
  74  6:07  SCV  
  74  6:08  SCV  
  84  6:17  Orbital Command  
  84  6:18  Supply Depot  
  84  6:19  SCV  
  85  6:31  Supply Depot  
  85  6:33  Supply Depot  
  85  6:39  SCV, Medivac, Marine x2  
  92  6:40  Marauder  
  92  6:51  SCV  
  92  6:52  SCV x2, Medivac  
  92  6:53  Marauder  
  99  6:57  Supply Depot, Marine  
  98  7:01  Marauder  
  98  7:02  Marine  
  98  7:08  Barracks  
  99  7:11  Barracks  
  99  7:14  Marauder  
  99  7:15  Marine  
  102  7:17  SCV  
  102  7:18  SCV x2  
  102  7:20  Marine  
  102  7:22  Refinery, Marauder  
  108  7:30  SCV  
  108  7:33  Liberator x2, Widow Mine x2, Marine  
  117  7:41  Marauder  
  117  7:45  Marine x2  
  117  7:48  Terran Infantry Armor Level 1  
  117  7:49  Supply Depot  
  121  7:53  Engineering Bay  
  121  7:54  Supply Depot, Armory, Marine  
  121  7:56  Barracks Tech Lab  
  121  7:58  Barracks Reactor, SCV x2  
  122  7:59  SCV  
  122  8:04  Marauder  
  119  8:10  Marine  
  119  8:11  Marine  
  119  8:12  SCV x2, Marine  
  109  8:25  Marauder  
  70  8:38  Marine  
  70  8:39  Marauder, Marine x2  
  70  8:40  Marine x2  
  72  8:45  Medivac  
  72  8:46  Marine  
  75  8:51  Terran Infantry Weapons Level 2  
  75  8:56  Marine x3  
  75  8:59  Marauder  
  75  9:01  Marauder  
  82  9:04  Marauder  
  84  9:10  Marine  
  84  9:12  Medivac  
  84  9:14  Marine x2  
  84  9:15  Supply Depot, Medivac  
  84  9:16  Supply Depot  
  91  9:20  Marauder  
  93  9:28  Supply Depot  
  88  9:37  Marauder, Marine x2  
  92  9:42  Medivac  
  92  9:45  Medivac  
  96  9:48  Marine  
  96  9:49  Marauder, Marine  
  100  9:53  Bunker  
  100  9:54  Marine x2  
  102  10:01  Marine x2  
  102  10:03  Supply Depot  
  104  10:10  Supply Depot  
  102  10:19  Marine  
  102  10:20  Marauder, Marine x2  
  104  10:29  Marine  
  104  10:30  Marine x2  
  103  10:40  Marine x2  
  103  10:41  Marine  
  103  10:42  Marauder  
  108  10:52  Marine  
  108  10:53  Marine x2  
  108  10:54  Widow Mine x2  
  115  11:03  Marauder  
  117  11:10  Marine x3  
  120  11:12  Marauder x2  
  113  11:18  Liberator  
  113  11:21  Marine  
  113  11:24  Marine  
  109  11:28  Marine x3  
  112  11:33  Marauder, Marine  
  112  11:36  Widow Mine  
  120  11:42  Marauder  
  122  11:51  Marauder  
Show
View Real Time Build Order
Export as new Build Order

Apocalypse Protoss - Winner!

Build Orders: 1 Gate Expand 

Get SALT Encoding   

  12  0:01  Probe (Chrono Boost)  
  13  0:12  Probe (Chrono Boost)  
  14  0:18  Pylon  
  14  0:23  Probe (Chrono Boost)  
  15  0:36  Probe (Chrono Boost)  
  15  0:39  Gateway  
  16  0:42  Assimilator  
  16  0:47  Probe (Chrono Boost)  
  17  0:57  Probe (Chrono Boost)  
  18  1:08  Probe (Chrono Boost)  
  20  1:18  Probe (Chrono Boost)  
  20  1:25  Nexus  
  20  1:29  Probe (Chrono Boost)  
  21  1:39  Cybernetics Core  
  22  1:40  Probe (Chrono Boost)  
  22  1:46  Pylon  
  22  1:50  Probe (Chrono Boost)  
  23  1:54  Assimilator  
  23  2:04  Probe (Chrono Boost)  
  23  2:07  Forge  
  24  2:15  Probe (Chrono Boost)  
  25  2:17  Adept  
  25  2:21  Warp Gate  
  27  2:26  Mothership Core (Chrono Boost)  
  29  2:30  Protoss Ground Armor Level 1 (Chrono Boost)  
  29  2:43  Probe  
  30  2:52  Adept  
  30  2:54  Probe x2  
  34  3:02  Robotics Facility  
  34  3:04  Probe (Chrono Boost)  
  34  3:08  Probe (Chrono Boost)  
  36  3:18  Probe (Chrono Boost)  
  36  3:19  Adept  
  39  3:20  Probe (Chrono Boost)  
  40  3:30  Probe (Chrono Boost)  
  40  3:31  Probe (Chrono Boost)  
  43  3:41  Probe (Chrono Boost)  
  43  3:43  Probe (Chrono Boost)  
  43  3:46  Gateway x2  
  44  3:52  Probe (Chrono Boost)  
  45  3:59  Probe (Chrono Boost)  
  46  4:04  Protoss Ground Weapons Level 1  
  46  4:08  Pylon  
  46  4:10  Assimilator  
  46  4:11  Assimilator  
  46  4:13  Warp Prism  
  46  4:17  Twilight Council  
  46  4:26  Probe (Chrono Boost)  
  46  4:28  Probe (Chrono Boost)  
  48  4:37  Probe (Chrono Boost)  
  50  4:38  Nexus  
  50  4:40  Sentry, Probe (Chrono Boost)  
  52  4:47  Probe (Chrono Boost)  
  52  4:49  Observer  
  54  5:00  Pylon  
  54  5:02  Pylon  
  54  5:05  Pylon  
  54  5:13  Resonating Glaives (Chrono Boost)  
  54  5:18  Probe x2, Immortal  
  54  5:20  Sentry x3  
  66  5:30  Probe x2  
  68  5:41  Protoss Ground Armor Level 2  
  70  5:42  Probe x2  
  70  5:49  Stalker  
  72  5:50  Stalker x2  
  72  5:54  Probe  
  72  5:55  Probe x2  
  72  5:57  Pylon  
  79  5:58  Immortal  
  79  5:59  Pylon  
  83  6:04  Probe  
  83  6:07  Probe  
  83  6:10  Probe  
  86  6:15  Probe  
  86  6:18  Stalker x3  
  89  6:21  Probe  
  89  6:23  Probe, Assimilator  
  89  6:25  Assimilator  
  95  6:35  Probe x2  
  95  6:37  Immortal  
  101  6:42  Photon Cannon  
  101  6:46  Sentry x2  
  105  6:47  Pylon  
  105  6:48  Adept, Pylon  
  105  6:50  Probe x2  
  109  6:58  Robotics Bay  
  109  7:08  Pylon  
  109  7:11  Pylon  
  109  7:13  Pylon  
  110  7:15  Probe x2  
  110  7:16  Immortal  
  110  7:17  Adept  
  110  7:18  Adept x2  
  121  7:29  Blink (Chrono Boost)  
  117  7:37  Photon Cannon  
  117  7:40  Gateway  
  117  7:42  Gateway  
  117  7:43  Probe x2  
  117  7:45  Adept  
  117  7:46  Adept x2  
  117  7:48  Gravitic Drive  
  123  7:58  Probe  
  123  7:59  Probe x2  
  123  8:08  Probe  
  123  8:11  Probe  
  125  8:17  Stalker, Probe  
  125  8:18  Stalker x2  
  125  8:19  Probe  
  131  8:28  Probe  
  131  8:29  Probe, Protoss Ground Weapons Level 2  
  129  8:40  Gateway  
  129  8:41  Gateway  
  129  8:42  Gateway  
  129  8:44  Pylon  
  129  8:46  Probe  
  129  8:47  Immortal  
  132  8:49  Gateway  
  132  9:05  Probe x2, Nexus  
  132  9:07  Pylon  
  132  9:09  Pylon  
  134  9:13  Probe  
  135  9:19  Templar Archives  
  135  9:22  Gateway  
  135  9:24  Gateway  
  137  9:34  Probe  
  136  9:42  Observer Gravitic Boosters  
  136  9:44  Pylon  
  136  9:46  Disruptor, Pylon  
  136  9:51  Gateway  
  135  9:52  Adept  
  135  9:53  Stalker, Gateway, Adept x2  
  135  9:54  Stalker  
  135  9:57  Probe x2  
  147  10:01  Photon Cannon  
  147  10:06  Photon Cannon  
  147  10:13  Templar Archives  
  147  10:22  Disruptor  
  147  10:25  Stalker x2  
  147  10:26  High Templar x2  
  147  10:27  High Templar x2  
  162  10:35  Adept  
  163  10:36  Adept x2  
  167  10:43  Nexus  
  167  10:45  Pylon, Archon x2  
  167  10:50  Pylon  
  167  10:53  Adept x2  
  171  10:57  Psionic Storm  
  171  10:58  Immortal  
  171  10:59  Charge (Chrono Boost)  
  175  11:05  High Templar x2  
  175  11:06  High Templar x2  
  176  11:21  Adept  
  176  11:22  Stalker, Adept  
  176  11:23  Stalker x2  
  178  11:26  Archon x2  
  178  11:41  Forge  
  178  11:42  Pylon  
  178  11:49  Gateway  
  178  11:51  Gateway  
Tags
 
Add a new tag
Caveats
  • Supply blocks, unpowered buildings, or Contaminate may cause inaccurate times.
  • Supply counts are checked every 10 seconds.